 Dungeon Crawl Stone Soup version 0.26-a0-712-ga5a9c9c9d0 (webtiles) character file.

Game seed: 15595503182270981651

13 ipx the Digger (level 2, 0/15 HPs)
             Began as a Deep Elf Earth Elementalist on Nov 13, 2020.
             Killed by divine providence
             ... invoked by an orc priest
              (14 damage)
             ... on level 2 of the Dungeon.
             The game lasted 00:03:53 (339 turns).

ipx the Digger (Deep Elf Earth Elementalist)         Turns: 339, Time: 00:03:54

Health: 0/15       AC:  2    Str:  5    XL:     2   Next: 24%
Magic:  8/8        EV: 13    Int: 19    God:
Gold:   11         SH:  5    Dex: 15    Spells: 6/7 levels left

rFire    . . .     SeeInvis .   a - +2 dagger (speed)
rCold    . . .     Faith    .   (no shield)
rNeg     . . .     Spirit   .   c - +0 robe
rPois    .         Reflect  +   (no helmet)
rElec    .         Harm     .   (no cloak)
rCorr    .         Rampage  .   (no gloves)
MR       .....                  (no boots)
Stlth    ++........             X - amulet of reflection
HPRegen  0.05/turn              (no ring)
MPRegen  0.11/turn              (no ring)

@: no status effects
A: no striking features
a: no special abilities


You were on level 2 of the Dungeon.
You visited 1 branch of the dungeon, and saw 2 of its levels.

You collected 11 gold pieces.

Inventory:

Hand Weapons
 a - a +2 dagger of speed (weapon)
Missiles
 b - 20 stones (quivered)
Armour
 c - a +0 robe (worn)
Jewellery
 X - an amulet of reflection (around neck)
Scrolls
 d - a scroll of identify {unknown}
 f - a scroll of fog {unknown}
 h - a scroll of remove curse {unknown}
Potions
 e - a potion of heal wounds {unknown}
 g - 2 potions of curing {unknown}


   Skills:
 - Level 2.4 Dodging
 - Level 2.4 Stealth
 - Level 3.0 Spellcasting
   Level 1.1 Transmutations
 + Level 4.1 Earth Magic


You had 6 spell levels left.
You knew the following spells:

 Your Spells              Type           Power        Failure   Level
q - Sandblast             Erth           ###...       2%          1

Your spell library contained the following spells:

 Spells                   Type           Power        Failure   Level
 Passwall                 Tmut/Erth      ##......     8%          2
 Stone Arrow              Conj/Erth      ##....       21%         3
 Petrify                  Tmut/Erth      ##......     45%         4
 Lee's Rapid Deconstruct  Erth           ###.......   61%         5


Dungeon Overview and Level Annotations

Branches:
Dungeon (2/15)

Altars:


Message History

Aim: a goblin, wielding a +0 club The blast of sand hits the goblin!
You kill the goblin!
b - 20 stones A frilled lizard comes into view.
Found a dagger.
There is a stone staircase leading up here.
The helpless frilled lizard fails to defend itself.
You puncture the frilled lizard!
You kill the frilled lizard!
Found an escape hatch in the floor.
Found a stone staircase leading down.
Found a mace.
A bat and an orc come into view.
An orc priest comes into view. It is wielding a +0 mace.
The orc priest shouts!
The orc priest mumbles some strange prayers to Beogh against you.
Beogh smites you!
Ouch! That really hurt!
You die...

######.## ..# #.# .##
...# #.# .. ....##.# ..
....##.# .## ..
....##.#### ..####...
..........######>.....#.
...........##...........
..............##@#...##
.....................#
##........######.....#
..........# #.)......
.#........# ..#.....#
..........# ....o....
............ ...b....o
.###......... ....#.....
.# #........#


You could see an orc priest, an orc (wandering) and a bat.

Vanquished Creatures
  A dart slug (D:1)
  3 goblins
  A hobgoblin (D:1)
  A bat (D:1)
  4 frilled lizards
  A kobold (D:1)
  A rat (D:1)
12 creatures vanquished.

Notes
Turn   | Place    | Note
-------+----------+-------------------------------------------
     0 | D:1      | ipx the Deep Elf Earth Elementalist began the quest for the
                  | Orb.
     0 | D:1      | Reached XP level 1. HP: 10/10 MP: 6/6
   237 | D:1      | Reached XP level 2. HP: 9/15 MP: 1/8
   240 | D:1      | Reached skill level 4 in Earth Magic
   291 | D:1      | You fall into a shaft and drop 1 floor!
   339 | D:2      | Killed from afar by an orc priest

Illustrated notes

Levels and vault maps discovered:
D:1:      minmay_arrival_split_and_join, layout_basic
D:2:      layout_rooms, uniq_jessica

Skill      XL: |  1  2 |
---------------+-------+-----
Earth Magic    | 4 |  4.1
Dodging        | |  2.4
Stealth        | |  2.4
Spellcasting   | |  3.0
Transmutations | |  1.1

Action                   || total
-------------------------++-------
Melee: Dagger            ||     4
 Cast: Sandblast         ||    12
 Stab: Sleeping          ||     2
Dodge: Dodged            ||     4
Block: Other             ||     4
       Reflection        ||     2

Table legend: (Time is in decaauts)
 A = Elapsed time spent in this place.
 B = Non-inter-level travel time spent in this place.
 C = Inter-level travel time spent in this place.
 D = Time resting spent in this place.
 E = Time spent auto-exploring this place.
 F = Levels seen in this place.
 G = Mean time per level.
                   A        B        C        D        E       F      G
               +--------+--------+--------+--------+--------+-----+--------+
         Total |    337 |    337 |      0 |      0 |      0 |   2 |  168.5 |
       Dungeon |    337 |    337 |      0 |      0 |      0 |   2 |  168.5 |
               +--------+--------+--------+--------+--------+-----+--------+

Top non-repeatable levels by time:
     D:1: 289 daAuts
     D:2: 47 daAuts
